AoeStats
← DirtyRat4578

Arena

510211725Analyzed
3v3 RM · 2d ago on Sep 30, 2026· 52m 28s· 6 players
Game mode
Random Map
Map size
Normal (6 player)
Population
200
Speed
Normal
Resources
Standard
Victory
Conquest
Starting age
Dark Age
Ending age
Imperial Age
RankedLock teamsTeams togetherTeam positionsShared explorationLock speedFull tech treeHidden civsTurbo modeCheats
Victory
Defeat
🇬🇧 Ethiopians · United Kingdom
1315
+11
🇺🇸 Varangians · United States
1242
+14
🇺🇸 Italians · United States
1059
+21
🇲🇽 Slavs · Mexico
1244
-18
🇺🇸 Malay · United States
1217
-16
🇺🇸 Franks · United States
1112
-12
Despartacus
9:19 Loom
11:05 Feudal Age
14:55 Castle Age
12:48 Double-Bit Axe
14:33 Loom
24:49 Bow Saw
26:51 Wheelbarrow
27:56 Horse Collar
34:49 Imperial Age
33:02 Heavy Plow
33:22 Hand Cart
33:21 Gold Mining
33:22 Stone Mining
32:57 Pikeman
33:49 Halberdier
36:15 Chemistry
34:42 Elite Skirmisher
36:26 Fletching
36:47 Forging
37:12 Crop Rotation
39:56 Conscription
41:57 Iron Casting
41:18 Bodkin Arrow
42:01 Iron Casting
42:13 Bracer
43:31 Ballistics
44:04 Man-at-Arms
44:44 Squires
50:08 Blast Furnace
julioa_ba
5:38 Loom
10:27 Feudal Age
16:22 Castle Age
16:00 Stone Mining
16:01 Gold Mining
16:02 Double-Bit Axe
25:32 Scale Mail Armor
25:45 Forging
26:15 Pikeman
26:59 Squires
28:14 Iron Casting
28:49 Ballistics
28:08 Pikeman
35:19 Imperial Age
33:35 Chain Mail Armor
34:19 Bow Saw
34:34 Scale Barding Armor
35:26 Husbandry
35:50 Chain Barding Armor
35:08 Ordonnance Companies
35:30 Cavalier
36:45 Conscription
37:55 Blast Furnace
38:16 Plate Barding Armor
37:07 Elite Throwing Axeman
38:41 Wheelbarrow
37:54 Town Watch
40:12 Blast Furnace
39:56 Hand Cart
41:49 Town Patrol
43:08 Chemistry
43:03 Plate Mail Armor
44:03 Paladin
45:20 Plate Barding Armor
46:58 Gold Shaft Mining
50:35 Chivalry
Hussk.
10:25 Feudal Age
8:56 Loom
15:29 Castle Age
13:51 Double-Bit Axe
13:48 Horse Collar
15:57 Pikeman
17:47 Scale Mail Armor
29:04 Wheelbarrow
28:14 Town Watch
28:55 Bow Saw
30:40 Gold Mining
31:27 Hand Cart
33:07 Scale Barding Armor
33:23 Forging
37:33 Imperial Age
36:03 Fletching
36:56 Chain Barding Armor
36:16 Elite Skirmisher
37:28 Bodkin Arrow
39:20 Plate Barding Armor
38:47 Padded Archer Armor
40:45 Gold Shaft Mining
40:03 Elite Boyar
43:20 Chemistry
43:43 Iron Casting
43:54 Leather Archer Armor
44:29 Bloodlines
44:20 Husbandry
45:38 Bloodlines
45:30 Husbandry
46:06 Conscription
45:22 Light Cavalry
47:24 Blast Furnace
46:45 Ballistics
47:15 Hussar
DirtyRat4578
11:36 Feudal Age
15:01 Castle Age
13:53 Horse Collar
14:06 Double-Bit Axe
14:06 Horse Collar
22:34 Fletching
25:14 Bodkin Arrow
32:01 Imperial Age
33:25 Padded Archer Armor
33:37 Gold Mining
34:02 Bow Saw
33:56 Heavy Plow
34:35 Wheelbarrow
34:42 Bracer
36:53 Two-Man Saw
36:32 Conscription
36:00 Light Cavalry
36:52 Bloodlines
36:42 Husbandry
38:05 Hussar
39:07 Leather Archer Armor
41:00 Chemistry
40:21 Ballistics
39:55 Elite Genoese Crossbowman
40:55 Thumb Ring
40:44 Town Watch
41:18 Hand Cart
42:12 Pirotechnia
48:46 Ring Archer Armor
48:21 Scale Barding Armor
48:27 Forging
onesecimpoopin
11:04 Feudal Age
14:28 Castle Age
12:36 Double-Bit Axe
12:54 Horse Collar
15:28 Wheelbarrow
15:41 Gold Mining
15:56 Husbandry
22:44 Forging
24:03 Scale Barding Armor
24:40 Iron Casting
26:04 Bow Saw
27:09 Chain Barding Armor
27:41 Hand Cart
27:53 Town Watch
28:22 Loom
28:48 Stone Mining
29:25 Heavy Plow
30:37 Bloodlines
35:54 Imperial Age
33:53 Vendel Legacy
36:07 Cavalier
37:17 Conscription
37:53 Plate Barding Armor
38:58 Blast Furnace
38:53 Crop Rotation
40:46 Town Patrol
41:39 Stone Shaft Mining
42:09 Two-Man Saw
43:58 Elite Jarl
44:40 Scale Mail Armor
45:40 Chain Mail Armor
45:16 Fletching
45:38 Siege Engineers
45:15 Treadmill Crane
45:47 Masonry
46:47 Chemistry
47:18 Caravan
47:37 Bodkin Arrow
Calum1Ltv
9:48 Feudal Age
13:18 Castle Age
12:33 Horse Collar
13:56 Double-Bit Axe
23:58 Bow Saw
27:00 Wheelbarrow
26:11 Loom
26:55 Horse Collar
29:27 Hand Cart
29:36 Gold Mining
35:05 Imperial Age
33:03 Fletching
34:12 Fortified Wall
34:46 Coinage
33:53 Crossbowman
34:30 Bodkin Arrow
34:56 Padded Archer Armor
35:52 Bracer
36:19 Leather Archer Armor
36:36 Ballistics
37:17 Chemistry
35:38 Arbalester
37:33 Ring Archer Armor
37:10 Thumb Ring
37:39 Banking
37:34 Scale Mail Armor
37:48 Forging
37:42 Squires
37:58 Masonry
38:42 Conscription
39:15 Chain Mail Armor
39:35 Iron Casting
39:34 Caravan
40:10 Siege Engineers
41:03 Plate Mail Armor
40:27 Town Watch
40:19 Halberdier
43:43 Torsion Engines
44:54 Blast Furnace
Connection lost

Rejoining the realm…

Still unreachable

The connection could not be restored.

Session expired

The server has moved on; the page needs a fresh start.